 Dungeon Crawl Stone Soup version 0.29-a0-1033-gb6c65ffae6 (webtiles) character file.

Game seed: 10902874408139500063

6555 gabitoon the Spear-Bearer (level 10, -7/135 HPs)
             Began as a Grey Draconian Berserker on Aug 14, 2022.
             Was a Priest of Trog.
             Succumbed to a death drake's dark miasma
             ... in a Gauntlet.
             The game lasted 01:10:05 (7476 turns).

gabitoon the Spear-Bearer (DrBe)                    Turns: 7476, Time: 01:10:05

Health: -7/135     AC: 23    Str: 23 (24) XL:     10   Next: 70%
Magic:  10/10      EV: 12    Int:  8      God:    Trog [***...]
Gold:   224        SH: 11    Dex: 10      Spells: 9/9 levels left

rFire   . . .      SeeInvis +   G - +1 trident (protect)
rCold   . . .      Faith    .   y - +4 kite shield of the Salamander {+Blink SInv}
rNeg    . . .      Spirit   .   (body armour unavailable)
rPois   .          Reflect  .   (helmet restricted)
rElec   .          Harm     .   D - +2 cloak
rCorr   .          Rampage  .   d - +0 pair of gloves
Will    .....      NoTele   +   (no boots)
Stlth   ..........              (no amulet)
HPRegen 0.00/turn               A - ring of flight
MPRegen 0.12/turn               (no ring)

@: berserking (expiring), lethally poisoned (-7 -> -84), under a protective
aura, flying, inhibited regen, slowed
A: AC +12, amphibious, unfitting armour, cold-blooded, talons 1, deterioration
1, inhibited regeneration, inability to read after injury 1
a: Renounce Religion, Evoke Blink, Berserk, Trog's Hand


You were in a Gauntlet.
You worshipped Trog.
Trog was most pleased with you.
You visited 1 branch of the dungeon, and saw 10 of its levels.
You also visited: Gauntlet.

You collected 380 gold pieces.
You spent 156 gold pieces at shops.

Inventory:

Hand Weapons
 a - a +0 spear
 f - a +0 whip
 j - a +0 spear
 k - a +0 trident
 o - a +0 trident of protection
 w - a +1 spear of venom
 C - a +2 scimitar of flaming
 F - a +0 glaive
 G - a +1 trident of protection (weapon)
Missiles
 h - 13 stones (quivered)
 v - 4 curare-tipped darts
 z - 2 poisoned darts
Armour
 d - a +0 pair of gloves (worn)
 q - a +2 buckler
 t - a +0 buckler
 y - the +4 kite shield of the Salamander (worn) {+Blink SInv}
   (You found it on level 9 of the Dungeon)

   SInv:      It lets you see invisible.
   +Blink:    It lets you blink.
 D - a +2 cloak (worn)
 H - a scarf of invisibility
Jewellery
 A - a ring of flight (left hand)
 E - a ring of magical power
Wands
 m - a wand of paralysis (6)
Scrolls
 b - a scroll of enchant weapon {unknown}
 p - 2 scrolls of amnesia {unknown}
 r - a scroll of immolation {unknown}
 x - a scroll of teleportation {unknown}
Potions
 c - 2 potions of ambrosia {unknown}
 e - 3 potions of mutation
 g - 4 potions of cancellation {unknown}
 i - 2 potions of lignification {unknown}
 l - 2 potions of brilliance {unknown}
 n - 2 potions of flight {unknown}
 s - a potion of haste {unknown}
 u - 2 potions of might {unknown}
 B - 4 potions of heal wounds {unknown}
 I - a potion of invisibility {unknown}


   Skills:
 + Level 8.8 Fighting
 + Level 11.7 Polearms
 + Level 1.7 Throwing
 + Level 7.3 Dodging
 + Level 3.9 Stealth
 + Level 2.5 Shields


You had 9 spell levels left.
You didn't know any spells.
Your spell library was empty.

Dungeon Overview and Level Annotations

Branches:
Dungeon (11/15)            Temple (0/1) D:7         Gauntlet (1/1)
   Lair: D:8-11         Orc: D:9-12

Altars:
Cheibriados
Elyvilon
Gozag
Hepliaklqana
Kikubaaqudgha
Makhleb
Nemelex Xobeh
Okawaru
Qazlal
Ru
Sif Muna
Trog
Uskayaw
Xom
Zin
The Shining One

Shops:
D:2 [   D:10 *?(*

Annotations:
Gauntlet 7 transporters, exclusion: oklob plant


Innate Abilities, Weirdness & Mutations

Your dull iron-grey scales are very hard. (AC +12)
You are amphibious.
You cannot fit into any form of body armour.
You are cold-blooded and may be slowed by cold attacks.
You have sharp toenails.
Your body sometimes deteriorates upon taking damage.
You do not regenerate when monsters are visible.
You occasionally lose the ability to read scrolls when taking damage.


Message History

You block the centaur warrior zombie's attack.
The centaur warrior zombie kicks you but does no damage.
The death drake bites you but does no damage.
The centaur warrior zombie hits you but does no damage.
The centaur warrior zombie misses you.
You puncture the centaur warrior zombie!
You claw the centaur warrior zombie!
You tail-slap the centaur warrior zombie!
The centaur warrior zombie is moderately damaged.
You are engulfed in dark miasma.
You are more poisoned.
* * * LOW HITPOINT WARNING * * *
You feel extremely sick.
You block the centaur warrior zombie's attack.
The centaur warrior zombie kicks you but does no damage.
You block the death drake's attack.
The centaur warrior zombie closely misses you.
The centaur warrior zombie kicks you but does no damage.
The centaur warrior zombie hits you but does no damage.
The centaur warrior zombie kicks you but does no damage.
Really fly into that cloud of foul pestilence?
Okay, then.
Really fly into that cloud of foul pestilence?
Uppercase [Y]es or [N]o only, please.
Really fly into that cloud of foul pestilence?
Uppercase [Y]es or [N]o only, please.
Really fly into that cloud of foul pestilence?
The centaur warrior zombie attacks as you move away!
The centaur warrior zombie barely misses you.
The centaur warrior zombie kicks you but does no damage.
You are engulfed in dark miasma.
You are more poisoned.
* * * LOW HITPOINT WARNING * * *
x2 You feel extremely sick.
You block the centaur warrior zombie's attack. x2
The death drake breathes miasma at you.
The foul vapour engulfs you but does no damage.
You hit the death drake. Your kick misses the death drake.
The death drake is almost dead.
You die...

#8#..........#.#©######
#####..........#.##......
###≈.....#########.########
#8#......#©........#≈≈≈≈8≈≈
###..#############.########
#..#...#.#...#.#.##^.....
#..#.Z#...#..#.#.#Z#....^
#..#.##ZkZ##.#.#.#..#...#
#..##.°#@#.^##.#.#[..#^#.
##...#..#.○.○○○○..#.#©#©...#©.
...8.#####.○#○#○.##.###...#^#.
#.....©#.#######^#...#!.#^..#
##.8.####..#^Z^#.Z#...#.#.....
.....#..#..!.©$=.k#...##......
#.8.#..###########...########
##...#≈.............≈.........
...8.#§§...........≈8≈........


You could see a death drake (catching breath), a spectral wolf spider and 2
centaur warrior zombies.

Vanquished Creatures
  A two-headed ogre (D:9)
  Erica (D:9)
  A worldbinder (Gauntlet)
  An oklob plant (Gauntlet)
  Maurice (D:9)
  Maggie (D:9)
  A troll (D:10)
  2 hornets (D:9)
  Grinder (D:4)
  Sigmund (D:5)
  A wraith (D:10)
  A steam dragon (D:9)
  Eustachio (D:4)
  Menkaure (D:5)
  2 acid dragons (Gauntlet)
  4 orc warriors
  A black bear (D:6)
  A sky beast (D:7)
  2 ice beasts (D:4)
  4 ogres
  A boggart (Gauntlet)
  A kobold brigand (D:6)
  3 bullfrogs (D:6)
  A scorpion (D:5)
  2 gnoll sergeants
  A wight (D:4)
  3 hounds
  4 orc priests
  An iguana (D:5)
  Natasha (D:4)
  6 orc wizards
  10 gnolls
  3 adders
  2 ufetubi
  A worm (D:2)
  4 dart slugs
  24 orcs
  4 bats
  10 endoplasms
  2 giant cockroaches (D:4)
  7 goblins
  5 hobgoblins
  3 jackals (D:2)
  4 quokkas
  6 ball pythons
  A frilled lizard (D:3)
  11 kobolds
  6 rats
156 creatures vanquished.

Vanquished Creatures (others)
  A plant (D:2)
1 creature vanquished.

Grand Total: 157 creatures vanquished

Notes
Turn   | Place    | Note
-------+----------+-------------------------------------------
     0 | D:1      | gabitoon the Draconian Berserker began the quest for the
                  | Orb.
     0 | D:1      | Reached XP level 1. HP: 19/19 MP: 1/1
    96 | D:1      | Reached XP level 2. HP: 24/26 MP: 2/2
   544 | D:2      | Found a sparkling altar of Nemelex Xobeh.
   556 | D:2      | Reached XP level 3. HP: 26/33 MP: 3/3
   909 | D:2      | Found Yxoheqig's Armour Shoppe.
   972 | D:2      | Reached ** piety under Trog
  1300 | D:3      | Reached skill level 4 in Polearms
  1300 | D:3      | Reached XP level 4. HP: 40/40 MP: 4/4
  1436 | D:3      | Noticed an ogre
  1448 | D:3      | Killed an ogre
  1449 | D:3      | Reached XP level 5. HP: 12/47 MP: 5/5
  1917 | D:4      | Noticed an ice beast
  1920 | D:4      | Gained mutation: Your body sometimes deteriorates upon
                  | taking damage. [potion of mutation]
  1920 | D:4      | Gained mutation: You do not regenerate when monsters are
                  | visible. [potion of mutation]
  1920 | D:4      | Gained mutation: You occasionally lose the ability to read
                  | scrolls when taking damage. [potion of mutation]
  1920 | D:4      | Gained mutation: You have sharp toenails. [potion of
                  | mutation]
  1928 | D:4      | Killed an ice beast
  1929 | D:4      | Reached skill level 5 in Polearms
  2165 | D:4      | Noticed an ice beast
  2167 | D:4      | Found a shimmering altar of Xom.
  2167 | D:4      | Noticed an ogre
  2203 | D:4      | Reached XP level 6. HP: 53/53 MP: 6/6
  2209 | D:4      | Killed an ice beast
  2210 | D:4      | Reached skill level 6 in Polearms
  2210 | D:4      | Reached skill level 1 in Stealth
  2216 | D:4      | Reached skill level 5 in Fighting
  2216 | D:4      | Your scales start taking on a dull iron-grey colour.
  2216 | D:4      | Reached XP level 7. HP: 61/61 MP: 7/7
  2254 | D:4      | Noticed Grinder
  2254 | D:4      | Paralysed by Grinder for 2 turns
  2270 | D:4      | Paralysed by Grinder for 3 turns
  2280 | D:4      | Killed Grinder
  2301 | D:4      | Found a glowing golden altar of the Shining One.
  2549 | D:4      | Reached *** piety under Trog
  2573 | D:4      | Noticed Eustachio
  2592 | D:4      | Killed Eustachio
  2593 | D:4      | Reached skill level 7 in Polearms
  2760 | D:4      | Noticed Natasha
  2763 | D:4      | Killed Natasha
  2769 | D:4      | Found a stormy altar of Qazlal.
  2808 | D:5      | Entered Level 5 of the Dungeon
  2845 | D:5      | Reached XP level 8. HP: 34/70 MP: 8/8
  3387 | D:5      | Noticed Sigmund
  3393 | D:5      | Killed Sigmund
  3394 | D:5      | Reached skill level 8 in Polearms
  3487 | D:5      | Noticed Menkaure
  3501 | D:5      | Killed Menkaure
  3502 | D:5      | Reached skill level 5 in Dodging
  3994 | D:6      | Reached skill level 1 in Throwing
  4041 | D:6      | Reached skill level 9 in Polearms
  4173 | D:6      | Found a hide-covered altar of Uskayaw.
  4184 | D:6      | Found a snail-covered altar of Cheibriados.
  4184 | D:6      | Found an opulent altar of Gozag.
  4184 | D:6      | Found a hazy altar of Hepliaklqana.
  4184 | D:6      | Found an iron altar of Okawaru.
  4184 | D:6      | Found a burning altar of Makhleb.
  4185 | D:6      | Found an ancient bone altar of Kikubaaqudgha.
  4187 | D:6      | Found a glowing silver altar of Zin.
  4188 | D:6      | Found a white marble altar of Elyvilon.
  4189 | D:6      | Found a sacrificial altar of Ru.
  4229 | D:6      | Found a shimmering blue altar of Sif Muna.
  4241 | D:6      | Reached XP level 9. HP: 75/78 MP: 9/9
  4261 | D:6      | Found a bloodstained altar of Trog.
  4419 | D:7      | Reached **** piety under Trog
  4754 | D:7      | Found a staircase to the Ecumenical Temple.
  5161 | D:7      | Found a sparkling altar of Nemelex Xobeh.
  5173 | D:7      | You fall into a shaft and drop 2 floors!
  5202 | D:9      | Paralysed by a hornet for 2 turns
  5216 | D:9      | Identified the +4 kite shield of the Salamander {+Blink
                  | SInv}
  5550 | D:9      | Reached skill level 10 in Polearms
  5584 | D:9      | Noticed Erica
  5585 | D:9      | Noticed Maurice
  5598 | D:9      | Killed Erica
  5600 | D:9      | Killed Maurice
  5601 | D:9      | Reached XP level 10. HP: 88/88 MP: 10/10
  5666 | D:9      | Noticed a two-headed ogre
  5678 | D:9      | Killed a two-headed ogre
  5679 | D:9      | Reached skill level 11 in Polearms
  5887 | D:9      | Noticed Maggie
  5889 | D:9      | Paralysed by Maggie for 3 turns
  5905 | D:9      | Killed Maggie
  6017 | D:10     | Entered Level 10 of the Dungeon
  6090 | D:10     | Found Diugenog's Desiderata Depot.
  6141 | D:10     | Found Gatsavipn's Magic Scroll Shop.
  6288 | D:10     | Reached skill level 1 in Shields
  6360 | D:10     | Found Oseuffibowk's Weapon Emporium.
  6384 | D:10     | Found Ciademo's General Store.
  6389 | D:10     | Bought a +1 trident of protection for 156 gold pieces
  6508 | D:11     | Found a gate leading to a gauntlet.
  6533 | Gauntlet | Entered a Gauntlet
  6533 | Gauntlet | Found a transporter.
  6533 | Gauntlet | Found a transporter.
  6537 | Gauntlet | Found a transporter.
  6537 | Gauntlet | Found a transporter.
  6547 | Gauntlet | Noticed a death scarab
  6551 | Gauntlet | Noticed an oklob plant
  6554 | Gauntlet | Found a transporter.
  6554 | Gauntlet | Found a transporter.
  6559 | Gauntlet | Noticed a death drake
  6561 | Gauntlet | Noticed a spectral wolf spider
  6565 | Gauntlet | Found a transporter.
  6565 | Gauntlet | Found a transporter.
  6565 | Gauntlet | Noticed a death scarab
  6566 | Gauntlet | Noticed a death scarab
  6598 | Gauntlet | Found a transporter.
  6622 | Gauntlet | Noticed an oklob plant
  6624 | Gauntlet | Found a transporter.
  6668 | Gauntlet | Found a transporter.
  6700 | Gauntlet | Found a transporter.
  6701 | Gauntlet | Noticed a worldbinder
  6817 | Gauntlet | Killed an oklob plant
  7165 | Gauntlet | Noticed a manticore
  7172 | Gauntlet | Killed a worldbinder
  7476 | Gauntlet | Succumbed to a death drake's dark miasma

Illustrated notes

Levels and vault maps discovered:
D:1:      amcnicky_arrival_flooded_fountain, layout_basic, nrook_uturn
D:2:      layout_basic, serial_shops, shop, nicolae_shop_advertising_works
          [nicolae_subvault_shop_adworks], basic_altar, serial_forest,
          infiniplex_forest_join, infiniplex_forest_clump_diagonal,
          infiniplex_forest_lined_2, infiniplex_forest_lined_3,
          infiniplex_forest_lined_1, infiniplex_forest_fountain,
          infiniplex_forest_clump_tiny, infiniplex_forest_clump_small,
          infiniplex_forest_clump_long, infiniplex_forest_zigzag_1, minivault_25
D:3:      layout_rooms
D:4:      layout_basic, xom_confusion_cloud, tso_metal_star,
          nicolae_qazlal_eye_of_the_storm, uniq_grinder, uniq_eustachio,
          uniq_natasha
D:5:      layout_layer_cave, uniq_sigmund, uniq_menkaure
D:6:      layout_basic, nzn_overflow_gifts_of_might_and_magic, minitemple,
          kennysheep_generic_room_14
D:7:      layout_loops_ring, nemelex_spade_bored_becter,
          minmay_temple_entry_glassed_door, serial_co_window_serial,
          co_window_paths_a, co_window_corner_a, co_window_of_opportunity_a,
          co_window_corner_a, co_window_corner_a, co_window_paths_c,
          co_window_corner_ca, co_window_broadway_c, co_window_corner_b,
          co_window_of_opportunity_b, co_window_4corner_a, glass_columns_b,
          glass_columns_a, glass_columns_a, glass_columns_a, glass_columns_c,
          corexii_leaking_fountain, kennysheep_another_room, roderic_batcave,
          david_defended_altar_orc
D:9:      layout_roguey, uniq_maggie, uniq_maurice, uniq_erica
D:10:     layout_loops_cross, serial_shops, nicolae_shop_stone,
          kennysheep_mini_moat, shop, shop, nicolae_eternal_life,
          nicolae_alphabet_shops
D:11:     layout_irregular_city, lair_entry_dummy, erik_orc_2,
          gauntlet_entry_generic, kennysheep_flooded_box
Gauntlet: gammafunk_gauntlet_branching [gammafunk_gauntlet_arena_open,
          nicolae_gauntlet_arena_quarters, gammafunk_gauntlet_arena_spirals,
          nicolae_gauntlet_arena_x, gammafunk_gauntlet_arena_grid,
          gammafunk_gauntlet_arena_corners, gammafunk_gauntlet_arena_chambers,
          nicolae_gauntlet_arena_grate_2, gauntlet_exit_green]

Skill      XL: |  1  2  3  4  5  6  7  8  9 10 |
---------------+-------------------------------+-----
Dodging        | 3 4 5 6 7 |  7.3
Fighting       | 4 5 6 8 |  8.8
Polearms       | 4 5 6 7 9 10 11 | 11.7
Stealth        | 1 2 3 |  3.9
Throwing       | 1 |  1.7
Shields        | 2 |  2.5

Action                   |  1- 3 |  4- 6 |  7- 9 | 10-12 || total
-------------------------+-------+-------+-------+-------++-------
Melee: Spear             |    59 |       |       |       ||    59
       Tailslap          |     8 |     5 |    32 |    12 ||    57
       Punch             |     2 |     1 |     4 |       ||     7
       Trident           |    64 |    55 |   333 |    98 ||   550
       Kick              |       |     9 |    77 |    25 ||   111
Throw: Stone             |       |     5 |    13 |     6 ||    24
Invok: Berserk           |       |     2 |     6 |     5 ||    13
       Trog's Hand       |       |       |     2 |     1 ||     3
  Use: Potion            |       |     1 |       |       ||     1
 Stab: Sleeping          |       |       |     1 |       ||     1
Armor: Skin              |    24 |    27 |    99 |    58 ||   208
Dodge: Dodged            |    53 |    34 |   161 |    40 ||   288
Block: Kite shield       |       |       |     4 |    53 ||    57

Table legend: (Time is in decaauts)
 A = Elapsed time spent in this place.
 B = Non-inter-level travel time spent in this place.
 C = Inter-level travel time spent in this place.
 D = Time resting spent in this place.
 E = Time spent auto-exploring this place.
 F = Levels seen in this place.
 G = Mean time per level.
                   A        B        C        D        E       F      G
               +--------+--------+--------+--------+--------+-----+--------+
         Total |   7574 |   7572 |      2 |   2858 |      0 |  11 |  688.5 |
       Dungeon |   6612 |   6610 |      2 |   2288 |      0 |  10 |  661.2 |
      Gauntlet |    962 |    962 |      0 |    570 |      0 |   1 |  962.0 |
               +--------+--------+--------+--------+--------+-----+--------+

Top non-repeatable levels by time:
     D:5: 1165 daAuts
Gauntlet: 962 daAuts
     D:4: 940 daAuts
     D:9: 873 daAuts
     D:3: 810 daAuts
     D:7: 780 daAuts
     D:2: 570 daAuts
     D:1: 520 daAuts
    D:10: 500 daAuts
     D:6: 425 daAuts
    D:11: 25 daAuts
